 Dungeon Crawl Stone Soup version 0.18.1-48-g4cf74bf (webtiles) character file.

289576 Gargoyl the Peltast (level 20, -26/159 HPs)
             Began as a Demonspawn Abyssal Knight on July 25, 2016.
             Was a High Priest of Lugonu.
             Killed from afar by a balrug (33 damage)
             ... with a fireball
             ... on level 1 of the Abyss on July 28, 2016.
             The game lasted 02:42:46 (49148 turns).

Gargoyl the Peltast (Demonspawn Abyssal Knight)    Turns: 49148, Time: 02:42:46

Health: -26/159    AC: 27    Str: 27      XL:     20   Next: 26%
Magic:  0/25       EV: 15    Int: 12 (13) God:    Lugonu [*****.]
Gold:   1565       SH: 34    Dex: 19      Spells: 0 memorised, 19 levels left

rFire  x x .     SeeInvis +     I - +3 broad axe (freeze)
rCold  + + +     Gourm    .     t - +6 chain mail of Baldness {Slay+3 SInv}
rNeg   . . .     Faith    .     e - +3 large shield
rPois  +         Spirit   +     (helmet unavailable)
rElec  .         Dismiss  .     m - +2 cloak of Ru's Hatred {rF- rC+ MR+ Str+6}
rCorr  .         Reflect  +     J - +2 pair of gloves
SustAt .         Harm     .     (boots unavailable)
MR     ++...                    F - brooch of Shielding {Reflect SH+8}
Stlth  ..........               n - ring of Gypo {+Fly rPois rC+ Dex+3 Stlth-}
                                b - ring of Yqaq {Ice rPois Dex+4 Stlth+}

@: very resistant to hostile enchantments, extremely unstealthy
A: claws 2, hooves 3, horns 3, cold resistance 1, dopey 1, spiny 2, magic
shield, magic regeneration, magic link
a: Depart the Abyss, Bend Space, Banish, Corrupt, Enter the Abyss, Renounce
Religion, Evoke Flight
}: 1/15 runes: serpentine


You were on level 1 of the Abyss.
You worshipped Lugonu.
Lugonu was extremely pleased with you.
You were very hungry.

You visited 6 branches of the dungeon, and saw 34 of its levels.
You visited the Abyss 3 times.
You also visited: Bailey and Ice Cave.

You collected 3864 gold pieces.
You spent 2299 gold pieces at shops.

Inventory:

Hand Weapons
 a - a +1 broad axe
 I - a +3 broad axe of freezing (weapon)
 P - a +4 broad axe
 Y - a +0 broad axe
Missiles
 y - 40 tomahawks (quivered)
Armour
 e - a +3 large shield (worn)
 m - the +2 cloak of Ru's Hatred (worn) {rF- rC+ MR+ Str+6}
   (You found it on level 12 of the Dungeon)

   It affects your strength (+6).
   It makes you vulnerable to fire.
   It protects you from cold.
   It affects your resistance to hostile enchantments.
 t - the +6 chain mail of Baldness (worn) {Slay+3 SInv}
   (You found it on level 1 of the Lair of Beasts)

   It affects your accuracy and damage with ranged weapons and melee attacks
   (+3).
   It lets you see invisible.
 v - the +7 plate armour "Epli" {rC+}
   (You bought it in a shop on level 2 of the Orcish Mines)

   It protects you from cold.
 E - the +0 cloak of Spite {rC+ Int+4}
   (You acquired it on level 3 of the Snake Pit)

   It affects your intelligence (+4).
   It protects you from cold.
 J - a +2 pair of gloves (worn)
Jewellery
 b - the ring of Yqaq (left hand) {Ice rPois Dex+4 Stlth+}
   (You found it on level 3 of the Elven Halls)

   [ring of ice]

   It enhances your ice magic, and weakens your fire magic.
   It affects your dexterity (+4).
   It makes you vulnerable to fire.
   It protects you from cold.
   It protects you from poison.
   It makes you more stealthy.
 f - an uncursed ring of protection from magic
 i - an uncursed ring of protection from cold
 n - the ring of Gypo (right hand) {+Fly rPois rC+ Dex+3 Stlth-}
   (You found it on level 3 of the Elven Halls)

   [ring of loudness]

   It affects your dexterity (+3).
   It protects you from cold.
   It protects you from poison.
   It lets you fly.
   It makes you less stealthy.
 p - an uncursed amulet of regeneration
 r - an uncursed ring of protection from fire
 w - a +3 ring of evasion
 B - an uncursed ring of positive energy
 F - the brooch of Shielding (around neck) {Reflect SH+8}
   (You bought it in a shop on level 4 of the Snake Pit)

   [amulet of reflection]

   It shields you and reflects attacks.
   It affects your SH (+8).
 H - the ring "Meotisk" {+Fly rF+, unknown}
   (You found it on level 1 of the Vaults)

   [ring of flight]

   It protects you from fire.
   It lets you fly.
 Z - an uncursed ring of positive energy
Wands
 q - a wand of teleportation (8/9)
 A - a wand of hasting (5/9)
 C - a wand of teleportation (8/9)
Scrolls
 g - 2 scrolls of blinking
 h - 21 scrolls of remove curse
 j - 3 scrolls of recharging
 k - 3 scrolls of fog
 l - a scroll of identify
 x - 7 scrolls of fear
 L - 4 scrolls of magic mapping
 T - 2 scrolls of teleportation
Potions
 s - 4 potions of brilliance
 u - a potion of curing
 z - 2 potions of flight
 D - 3 potions of cure mutation
 M - a potion of haste
Miscellaneous
 d - a legendary deck of wonders {Wild Magic}
Comestibles
 c - 6 bread rations
 o - 10 meat rations
 G - 4 chunks of flesh


   Skills:
 + Level 14.1 Fighting
 + Level 16.2 Axes
 + Level 0.8 Throwing
 * Level 16.2 Armour
 + Level 10.0 Dodging
 + Level 3.4 Stealth
 + Level 18.1 Shields
 + Level 7.2 Invocations
 + Level 2.9 Evocations


You had 19 spell levels left.
You didn't know any spells.

Dungeon Overview and Level Annotations

Branches:
Dungeon (15/15)            Temple (0/1) D:7            Lair (8/8) D:10
 Shoals (0/4) Lair:3        Snake (4/4) Lair:4        Slime (0/6) Lair:8
    Orc (2/2) D:9             Elf (3/3) Orc:2        Vaults (2/5) D:13
 Depths (0/5) D:15
  Crypt: Vaults:2-3

Altars:
Ashenzari
Dithmenos
Elyvilon
Fedhas
Gozag
Kikubaaqudgha
Makhleb
Okawaru
Pakellas
Qazlal
Ru
Sif Muna
Trog
Vehumet
Xom
The Shining One

Shops:
D:6 %   D:7 !   D:15 =   Orc:2 [*(:   Elf:2 (   Elf:3 (   Snake:4 =

Annotations:
Vaults:2 Xtahua
Abyss:1 Snorg


Innate Abilities, Weirdness & Mutations

You have very sharp fingernails.
You have hooves in place of feet.
You have a pair of large horns on your head.
You are mostly covered in sharp spines.
When hurt, damage is shared between your health and your magic reserves.
You regenerate magic rapidly.
When low on magic, you restore magic in place of health.
Your flesh is cold resistant.
You are dopey. (Int -2)


Message History

The balrug resists with almost no effort.
You feel somewhat more hungry.
Press: ? - help, Shift-Dir - straight line, f/p - balrug
Aim: a balrug, wielding a great mace of draining (chance to defeat MR: 0%)
The balrug resists with almost no effort.
You are feeling very hungry.
Okay, then.
Drink which item? (? for menu, Esc to quit)
Okay, then.
Zapping:
q - a wand of teleportation (9/9)
Press: ? - help, Shift-Dir - straight line, f/p - balrug
Aim: a balrug, wielding a great mace of draining (chance to defeat MR: 0%)
The balrug resists with almost no effort.
This wand has 8 charges left.
The balrug gestures at you. The bolt of fire misses you.
Found a bread ration.
The balrug gestures at you.
The fireball explodes!
The fireball engulfs you! The fire burns you terribly!
You die...

...............
..............#
#............
#............
#..##..........
#..........
#.(2......#
#.........#
#..@......#
......[........
#...#.........#
..#.##.....#.#.
. . #%#.#.#..#
. .# ..## #. .
.# #. ..


You could see a balrug.

Vanquished Creatures
  Vashnia (Snake:2)
  Nikola (Elf:3)
  A lich (Vaults:1)
  A deep elf master archer (Elf:2)
  2 deep elf blademasters
  Asterion (Elf:2)
  Frances (D:13)
  The ghost of Peloso the Fencer, an adept MiFi of Okawaru (Snake:1)
  Roxanne (Elf:2)
  8 greater nagas (Snake:4)
  Louise (Elf:1)
  2 deep elf elementalists
  3 deep elf sorcerers
  Aizul (Snake:2)
  5 vault wardens
  An orc warlord (Orc:1)
  2 ironheart preservers
  Nessos (Lair:7)
  9 deep elf demonologists
  5 deep elf annihilators
  5 deep elf death magi
  2 vault guards (Vaults:2)
  Josephine (Lair:5)
  A fire dragon (Vaults:2)
  3 yaktaur captains
  A deep elf high priest (Elf:3)
  The ghost of jesusflecha the Cleaver, a journeyman HOFi of Okawaru (Lair:1)
  The ghost of Kloppie the Cleaver, a journeyman HOFi of Yredelemnul (Lair:1)
  11 naga warriors
  An ice dragon (Vaults:1)
  A ghost crab (shapeshifter) (D:15)
  A death knight (D:12)
  A catoblepas (Lair:7)
  8 anacondas
  30 dancing weapons
  An ogre mage (Vaults:2)
  2 centaur warriors
  The ghost of Throwaway the Fighter, a novice DsCK of Xom (Lair:1)
  24 naga sharpshooters
  5 death yaks
  7 orc high priests
  Urug (D:10)
  The ghost of tesudzi the Nimble, a novice OpAs of Fedhas (D:9)
  7 shock serpents
  20 deep elf knights
  2 salamander mystics
  A shadow wraith (Vaults:1)
  4 skeletal warriors (D:15)
  The ghost of tesudzi the Covert, a novice OpAs of Ashenzari (D:8)
  10 orc knights
  6 ironbrand convokers
  4 deep trolls (Vaults:1)
  8 naga ritualists
  2 unseen horrors
  7 deep elf archers
  7 hill giants
  A lindwurm (Lair:8)
  An orb spider (shapeshifter) (Vaults:1)
  10 orc sorcerers
  69 deep elf magi
  A fire giant zombie (Abyss:1)
  2 manticores
  3 wolf spiders
  6 griffons
  12 salamanders
  6 cyclopes
  7 mana vipers
  10 elephants
  21 slime creatures
  3 centaur zombies
  15 ugly things
  An iron dragon skeleton (Abyss:1)
  An octopode (shapeshifter) (D:15)
  A guardian serpent (Snake:4)
  8 vault sentinels
  2 torpor snails
  An ice statue (IceCv)
  29 naga magi
  An apocalypse crab (Abyss:1)
  3 gargoyles
  34 black mambas
  A spiny frog (shapeshifter) (D:15)
  An efreet (D:15)
  A kobold demonologist (Vaults:2)
  2 rime drakes (Lair:6)
  17 spiny frogs
  A rime drake (shapeshifter) (D:14)
  6 komodo dragons
  8 yaktaurs
  A yaktaur (shapeshifter) (D:15)
  2 freezing wraiths
  2 spriggan druids (Lair:8)
  2 trolls (shapeshifter)
  8 trolls
  26 polar bears
  5 two-headed ogres
  A slime creature (shapeshifter) (Elf:1)
  A queen bee (D:9)
  Prince Ribbit (D:6)
  11 blink frogs
  A stone giant simulacrum (Vaults:1)
  2 boulder beetles
  A raiju (shapeshifter) (Elf:1)
  5 air elementals
  3 shadows
  12 redbacks
  2 tarantellas (Vaults:2)
  A wyvern (D:12)
  12 spriggans (Lair:8)
  4 water elementals
  82 yaks
  A tarantella (shapeshifter) (Vaults:2)
  A vampire (D:10)
  8 wraiths
  3 fire elementals
  3 steam dragons
  20 hippogriffs
  13 vampire mosquitoes
  2 basilisks
  6 hungry ghosts
  11 swamp worms (D:14)
  2 mottled dragons (D:12)
  16 wargs
  2 soldier ants
  50 nagas
  18 water moccasins
  A giant eyeball (shapeshifter) (Elf:1)
  12 porcupines
  52 orc warriors
  4 black bears (Lair:8)
  An eye of draining (D:4)
  4 sky beasts
  A sky beast (shapeshifter) (Vaults:2)
  6 ice beasts
  3 wasps (Lair:8)
  A necrophage (D:13)
  10 ogres
  A phantom (D:5)
  2 tengu (shapeshifter)
  41 wolves
  9 boggarts
  A wolf (shapeshifter) (D:15)
  23 centaurs
  13 crocodiles
  26 giant frogs
  A gnoll sergeant (D:9)
  A wyvern zombie (D:13)
  2 earth elementals (Elf:1)
  A wyvern skeleton (D:10)
  2 scorpions
  A water moccasin skeleton (D:10)
  29 killer bees
  5 wights (D:13)
  4 howler monkeys
  5 crimson imps
  A giant frog zombie (D:12)
  2 quasits
  4 hounds
  17 jellies
  A gnoll shaman (D:9)
  24 orc priests
  Ijyb (D:2)
  5 centaur skeletons
  A giant frog skeleton (D:9)
  32 orc wizards
  24 iguanas
  2 hell rats (Lair:4)
  15 worker ants
  29 sheep
  A hound zombie (D:5)
  Robin (D:2)
  2 worker ant zombies
  20 gnolls
  48 river rats
  6 adders
  8 shadow imps
  An ooze (Lair:8)
  An adder zombie (D:6)
  An adder skeleton (D:4)
  9 worms
  2 dart slugs
  2 giant geckos
  135 orcs
  7 giant cockroaches
  26 goblins
  14 hobgoblins
  19 jackals
  13 kobolds
  4 quokkas
  A ball python (D:2)
  2 bats (D:1)
  2 giant gecko skeletons (D:4)
  4 giant newts
  10 rats
  9 fungi
  2 plants
1633 creatures vanquished.

Vanquished Creatures (others)
  A deep elf master archer (Elf:3)
  A frost giant (IceCv)
  The ghost of DarthKuruptios the Cleaver, a journeyman MiBe of Trog (Lair:6)
  4 hydras
  2 deep elf knights
  3 naga sharpshooters
  A deep elf mage (Elf:1)
  4 deep elf archers
  A naga (Snake:4)
  An orc warrior (Orc:2)
  An ettin simulacrum (Abyss:1)
  A boggart (D:15)
  4 orcs
  28 fungi
  19 plants
72 creatures vanquished.

Grand Total: 1705 creatures vanquished

Notes
Turn   | Place    | Note
--------------------------------------------------------------
     0 | Abyss:1  | Gargoyl the Demonspawn Abyssal Knight began the quest for the Orb.
     0 | Abyss:1  | Reached XP level 1. HP: 18/18 MP: 2/2
    66 | Abyss:1  | Noticed a small abomination
    67 | Abyss:1  | Noticed a starcursed mass
    80 | Abyss:2  | Noticed a chaos spawn
    84 | D:1      | Escaped the Abyss
   389 | D:1      | Reached * piety under Lugonu
   389 | D:1      | Gained mutation: You have large cloven feet. [demonic ancestry]
   389 | D:1      | Reached XP level 2. HP: 21/24 MP: 3/3
   657 | D:1      | Reached skill level 1 in Dodging
  1126 | D:2      | Found a shadowy altar of Dithmenos.
  1155 | D:2      | Gained mutation: You have a pair of small horns on your head. [demonic ancestry]
  1155 | D:2      | Reached XP level 3. HP: 29/30 MP: 4/4
  1254 | D:2      | Found a blossoming altar of Fedhas.
  1268 | D:2      | Found a radiant altar of Vehumet.
  1271 | D:2      | Found a white marble altar of Elyvilon.
  1274 | D:2      | Found a shattered altar of Ashenzari.
  1320 | D:2      | Noticed Ijyb
  1346 | D:2      | Killed Ijyb
  1346 | D:2      | Reached XP level 4. HP: 22/37 MP: 5/5
  1494 | D:2      | Reached ** piety under Lugonu
  1506 | D:2      | Reached skill level 1 in Shields
  1582 | D:2      | Found a bloodstained altar of Trog.
  1622 | D:2      | Found an oddly glowing altar of Pakellas.
  2084 | D:2      | Noticed Robin
  2099 | D:2      | Killed Robin
  2255 | D:3      | Found a shimmering altar of Xom.
  2284 | D:3      | Gained mutation: You are partially covered in sharp spines. [demonic ancestry]
  2284 | D:3      | Reached XP level 5. HP: 28/42 MP: 6/6
  2829 | D:4      | Reached *** piety under Lugonu
  2829 | D:4      | Reached skill level 2 in Shields
  2891 | D:4      | Found a bloodstained altar of Trog.
  3158 | D:4      | Reached XP level 6. HP: 43/48 MP: 4/7
  3217 | D:4      | Reached skill level 1 in Stealth
  3325 | D:5      | Entered Level 5 of the Dungeon
  3335 | D:5      | Reached skill level 1 in Evocations
  3335 | D:5      | Gained mutation: You have hoof-like feet. [demonic ancestry]
  3335 | D:5      | Reached XP level 7. HP: 38/54 MP: 6/8
  3414 | D:5      | Reached skill level 3 in Shields
  3790 | D:5      | Found an oddly glowing altar of Pakellas.
  3977 | D:5      | Reached **** piety under Lugonu
  4023 | D:5      | Found an ancient bone altar of Kikubaaqudgha.
  4150 | D:6      | Gained mutation: When hurt, damage is shared between your health and your magic reserves. [demonic ancestry]
  4150 | D:6      | Reached XP level 8. HP: 27/61 MP: 7/9
  4286 | D:6      | Reached skill level 4 in Shields
  4521 | D:6      | Reached skill level 5 in Armour
  4529 | D:6      | Found Kudutz's Food Emporium.
  4726 | D:6      | Noticed Prince Ribbit
  4874 | D:6      | Killed Prince Ribbit
  5060 | D:7      | Found a staircase to the Ecumenical Temple.
  5129 | D:7      | Reached XP level 9. HP: 67/67 MP: 11/11
  5272 | D:7      | Found Touhy's Distillery.
  5295 | D:7      | Reached skill level 5 in Fighting
  5295 | D:7      | Reached skill level 5 in Shields
  5300 | D:7      | Bought a potion of heal wounds for 60 gold pieces
  5300 | D:7      | Bought a potion of curing for 36 gold pieces
  5300 | D:7      | Bought a potion of might for 48 gold pieces
  5300 | D:7      | Bought a potion of might for 48 gold pieces
  5599 | D:8      | Found a burning altar of Makhleb.
  5777 | D:8      | Found an opulent altar of Gozag.
  6084 | D:8      | Reached ***** piety under Lugonu
  6209 | D:8      | Noticed tesudzi's ghost (novice OpAs)
  6221 | D:8      | Killed tesudzi's ghost
  6246 | D:8      | Found a sacrificial altar of Ru.
  6485 | D:8      | Reached skill level 5 in Axes
  6485 | D:8      | Reached skill level 6 in Shields
  6612 | D:9      | Found a glowing golden altar of the Shining One.
  6614 | D:9      | Found a burning altar of Makhleb.
  6614 | D:9      | Found a deep blue altar of Sif Muna.
  6729 | D:9      | Reached skill level 5 in Dodging
  6843 | D:9      | Noticed tesudzi's ghost (novice OpAs)
  7360 | D:10     | Entered Level 10 of the Dungeon
  7405 | D:10     | Gained mutation: You regenerate magic rapidly. [demonic ancestry]
  7405 | D:10     | Reached XP level 10. HP: 74/74 MP: 12/12
  7420 | D:10     | Noticed Urug
  7753 | D:10     | Reached skill level 7 in Shields
  7760 | D:10     | HP: 2/74 [komodo dragon (6)]
  7876 | D:10     | Found a staircase to the Lair.
  8499 | D:9      | Found a staircase to the Orcish Mines.
  8673 | D:9      | Gained mutation: You expend magic power (3 MP) to strengthen your wands. [potion of mutation]
  8673 | D:9      | Gained mutation: You occasionally shout uncontrollably at your foes. [potion of mutation]
  8673 | D:9      | Gained mutation: Your mind is acute. (Int +2) [potion of mutation]
  9167 | D:10     | Reached skill level 8 in Shields
  9190 | D:10     | Killed Urug
  9248 | D:10     | Gained mutation: You have a pair of horns on your head. [demonic ancestry]
  9248 | D:10     | Reached XP level 11. HP: 42/81 MP: 9/13
  9335 | Lair:1   | Entered Level 1 of the Lair of Beasts
  9627 | Lair:1   | Got a twisted chain mail
  9640 | Lair:1   | Identified the +6 chain mail of Baldness {Slay+3 SInv} (You found it on level 1 of the Lair of Beasts)
  9848 | Lair:1   | Noticed Throwaway's ghost (novice DsCK)
  9868 | Lair:1   | Killed Throwaway's ghost
  9894 | Lair:1   | Noticed Kloppie's ghost (journeyman HOFi)
  9989 | Lair:1   | Killed Kloppie's ghost
 10046 | Lair:1   | Reached skill level 9 in Shields
 10064 | Lair:1   | Noticed jesusflecha's ghost (journeyman HOFi)
 10475 | Lair:1   | Reached ****** piety under Lugonu
 10618 | Lair:1   | Noticed a four-headed hydra
 10651 | Lair:1   | Banished a four-headed hydra
 11619 | Lair:2   | Gained mutation: You have sharp fingernails. [demonic ancestry]
 11619 | Lair:2   | Reached XP level 12. HP: 91/91 MP: 13/15
 12107 | Lair:2   | Reached skill level 10 in Armour
 12520 | Lair:3   | Got a jewelled trident
 12557 | Lair:3   | Found a staircase to the Shoals.
 12618 | Lair:3   | Gained mutation: Your muscles are strong. (Str +2) [potion of mutation]
 12618 | Lair:3   | Lost mutation: Your muscles are strong. (Str +2) [potion of mutation]
 12619 | Lair:3   | Lost mutation: Your mind is acute. (Int +2) [potion of cure mutation]
 12619 | Lair:3   | Lost mutation: You occasionally shout uncontrollably at your foes. [potion of cure mutation]
 12619 | Lair:3   | Lost mutation: You expend magic power (3 MP) to strengthen your wands. [potion of cure mutation]
 13187 | Lair:4   | Reached skill level 10 in Shields
 13424 | Lair:4   | Found a staircase to the Snake Pit.
 13685 | Lair:4   | Noticed a death yak
 13687 | Lair:4   | Noticed a death yak
 13688 | Lair:4   | Noticed a death yak
 13711 | Lair:4   | Noticed a death yak
 13723 | Lair:3   | Killed a death yak
 13735 | Lair:3   | Killed a death yak
 13791 | Lair:4   | Killed a death yak
 13799 | Lair:4   | Killed a death yak
 14295 | Lair:5   | Noticed Josephine
 14313 | Lair:5   | Killed Josephine
 14566 | Lair:5   | Found a frozen archway.
 14580 | IceCv    | Entered an ice cave
 14603 | IceCv    | Gained mutation: You have a pair of large horns on your head. [demonic ancestry]
 14603 | IceCv    | Reached XP level 13. HP: 98/98 MP: 16/16
 14847 | IceCv    | Reached skill level 11 in Shields
 15304 | IceCv    | Noticed a frost giant
 15322 | IceCv    | Banished a frost giant
 15838 | Lair:6   | Noticed DarthKuruptios's ghost (journeyman MiBe)
 16105 | Lair:6   | Banished DarthKuruptios's ghost
 16300 | Lair:6   | Reached skill level 5 in Invocations
 17428 | Lair:7   | Noticed Nessos
 17766 | Lair:7   | Killed Nessos
 17888 | Lair:8   | Entered Level 8 of the Lair of Beasts
 18105 | Lair:7   | Reached XP level 14. HP: 82/108 MP: 14/18
 18202 | Lair:7   | Reached skill level 12 in Shields
 18715 | Lair:8   | Found a staircase to the Slime Pits.
 18870 | Lair:8   | Reached skill level 10 in Axes
 20185 | Lair:8   | Found an iron altar of Okawaru.
 20458 | Orc:1    | Entered Level 1 of the Orcish Mines
 20769 | Orc:1    | You fall through a shaft!
 20769 | Orc:2    | Entered Level 2 of the Orcish Mines
 20780 | Orc:2    | Reached skill level 13 in Shields
 20865 | Orc:2    | Found a staircase to the Elven Halls.
 21203 | Orc:2    | Noticed Snorg
 21214 | Orc:2    | Banished Snorg
 21237 | Orc:2    | Noticed an orc warlord
 21418 | Orc:2    | Paralysed by an orc sorcerer for 5 turns
 21571 | Orc:1    | Killed an orc warlord
 21962 | Orc:2    | Reached XP level 15. HP: 52/115 MP: 7/19
 22574 | Orc:2    | Reached skill level 10 in Fighting
 22608 | Orc:2    | Found Zaggu's Antique Armour Emporium.
 22609 | Orc:2    | Found Fusiuly's Antique Weapon Emporium.
 22610 | Orc:2    | Found Ymutax's General Store.
 22610 | Orc:2    | Found Senla's Book Shoppe.
 22639 | Orc:2    | Bought a bloodstained plate armour for 700 gold pieces
 22640 | Orc:2    | Identified the +7 plate armour "Epli" {rC+} (You bought it in a shop on level 2 of the Orcish Mines)
 22644 | Orc:2    | Bought a runed broad axe for 124 gold pieces
 22657 | Orc:2    | Bought a potion of heal wounds for 75 gold pieces
 22988 | D:9      | Killed tesudzi's ghost
 23056 | Lair:1   | Killed jesusflecha's ghost
 23520 | D:10     | Found a blossoming altar of Fedhas.
 23578 | D:10     | Identified a scroll of acquirement
 23579 | D:10     | Got a pair of twisted gloves
 23590 | D:10     | Identified the -5 pair of gloves of Joy {SInv} (You acquired it on level 10 of the Dungeon)
 23692 | D:11     | Gained mutation: You evolve. [mutagenic meat]
 23693 | D:11     | Gained mutation: You are frail (-10% HP). [mutagenic meat]
 23694 | D:11     | Gained mutation: Your flesh is cold resistant. [mutagenic meat]
 23695 | D:11     | Gained mutation: Scrolls take you a little longer to read. [mutagenic meat]
 23696 | D:11     | Gained mutation: Your spells are a little harder to cast, but a little more powerful. [mutagenic meat]
 24527 | D:12     | Identified a +0 rod of shadows (11/11) (You found it on level 5 of the Lair of Beasts)
 24901 | D:12     | Got a warped cloak
 24912 | D:12     | Identified the +2 cloak of Ru's Hatred {rF- rC+ MR+ Str+6} (You found it on level 12 of the Dungeon)
 25068 | D:12     | Found a stormy altar of Qazlal.
 25114 | D:12     | Gained mutation: You are very frail (-20% HP). [mutagenic meat]
 25115 | D:12     | Gained mutation: You are extremely frail (-30% HP). [mutagenic meat]
 25116 | D:12     | Gained mutation: You rapidly evolve. [mutagenic meat]
 25117 | D:12     | Gained mutation: You are weak. (Str -2) [mutagenic meat]
 25118 | D:12     | Lost mutation: Scrolls take you a little longer to read. [potion of cure mutation]
 25118 | D:12     | Lost mutation: You are extremely frail (-30% HP). [potion of cure mutation]
 25118 | D:12     | Lost mutation: You are very frail (-20% HP). [potion of cure mutation]
 25118 | D:12     | Lost mutation: You rapidly evolve. [potion of cure mutation]
 25118 | D:12     | Lost mutation: You evolve. [potion of cure mutation]
 25119 | D:12     | Lost mutation: You are weak. (Str -2) [potion of cure mutation]
 25119 | D:12     | Lost mutation: You are frail (-10% HP). [potion of cure mutation]
 25119 | D:12     | Lost mutation: Your spells are a little harder to cast, but a little more powerful. [potion of cure mutation]
 25534 | D:13     | Noticed Frances
 25605 | D:13     | Killed Frances
 25728 | D:13     | Found a gate to the Vaults.
 26250 | D:13     | Reached skill level 14 in Shields
 26870 | D:14     | Found a flagged portal.
 26883 | Bailey   | Entered a bailey
 27622 | D:15     | Entered Level 15 of the Dungeon
 27622 | D:15     | Found a sacrificial altar of Ru.
 27632 | D:15     | Gained mutation: You are mostly covered in sharp spines. [demonic ancestry]
 27632 | D:15     | Reached XP level 16. HP: 114/124 MP: 17/20
 28201 | D:15     | Found a staircase to the Depths.
 28370 | D:15     | Got a pair of distressingly furry boots
 28381 | D:15     | Identified the +2 pair of boots "Petom" {MR+ Stlth+} (You found it on level 15 of the Dungeon)
 28396 | D:15     | Found Ecwirano's Jewellery Boutique.
 28404 | D:15     | Bought an uncursed ring of protection from magic for 300 gold pieces
 29447 | Snake:1  | Entered Level 1 of the Snake Pit
 29595 | Snake:1  | Noticed Peloso's ghost (adept MiFi)
 29620 | Snake:1  | Killed Peloso's ghost
 30157 | Snake:2  | Noticed Aizul
 30162 | Snake:2  | Noticed Vashnia
 30175 | Snake:2  | Killed Aizul
 30352 | Snake:1  | Reached skill level 15 in Shields
 30790 | D:15     | Bought a +3 amulet of reflection for 300 gold pieces
 31865 | Snake:2  | Killed Vashnia
 32726 | Snake:1  | Gained mutation: When low on magic, you restore magic in place of health. [demonic ancestry]
 32726 | Snake:1  | Reached XP level 17. HP: 119/131 MP: 18/21
 33151 | Elf:1    | Entered Level 1 of the Elven Halls
 34329 | Elf:1    | Gained mutation: You are dopey. (Int -2) [a neqoxec]
 34552 | Elf:1    | Noticed Louise
 34564 | Elf:1    | Killed Louise
 35525 | Elf:2    | Found Toeh's Weapon Emporium.
 35551 | Elf:2    | Found a runed gate.
 35551 | Elf:2    | Found a runed gate.
 35552 | Elf:2    | Found a runed gate.
 35569 | Elf:2    | Reached skill level 16 in Shields
 35646 | Elf:2    | Noticed Roxanne
 35663 | Elf:2    | Killed Roxanne
 36012 | Elf:2    | Noticed a Tzitzimitl
 36913 | Elf:2    | Gained mutation: You have very sharp fingernails. [demonic ancestry]
 36913 | Elf:2    | Reached XP level 18. HP: 130/140 MP: 19/22
 37333 | Elf:3    | Entered Level 3 of the Elven Halls
 37376 | Elf:3    | Noticed Nikola
 37389 | Elf:3    | HP: 2/141 [deep elf archer/arrow (13)]
 37454 | Elf:3    | HP: 2/141 [deep elf knight/shard of ice (14)]
 37804 | Elf:3    | Escaped the Abyss
 37881 | Elf:3    | Killed Nikola
 37881 | Elf:3    | Reached skill level 15 in Armour
 38210 | Elf:3    | Found Voaga's Antique Weapon Boutique.
 38391 | Elf:3    | Noticed a Hell Sentinel
 38391 | Elf:3    | Noticed a Hell Sentinel
 38394 | Elf:3    | Noticed a Brimstone Fiend
 38399 | Elf:3    | Noticed an Ice Fiend
 39165 | Elf:3    | Noticed an Ice Fiend
 39306 | Elf:3    | Noticed an Ice Fiend
 40578 | Elf:3    | Noticed an Ice Fiend
 40739 | Elf:3    | Got a smoking ruby amulet
 40825 | Elf:3    | Noticed Asterion
 40853 | Elf:2    | Killed Asterion
 41269 | Elf:3    | Reached skill level 17 in Shields
 41745 | Elf:3    | Got a shimmering silver amulet
 41797 | Elf:3    | Identified the amulet of Meodd {Spirit rC+ Str+3} (You took it off a deep elf death mage on level 3 of the Elven Halls)
 41800 | Elf:3    | Identified the amulet "Hityd" {Dismiss Str+2} (You found it on level 3 of the Elven Halls)
 41810 | Elf:3    | Got a translucent bone ring
 41821 | Elf:3    | Got a shimmering marble ring
 41826 | Elf:3    | Identified the ring of Yqaq {Ice rPois Dex+4 Stlth+} (You found it on level 3 of the Elven Halls)
 41827 | Elf:3    | Identified the ring of Gypo {+Fly rPois rC+ Dex+3 Stlth-} (You found it on level 3 of the Elven Halls)
 42772 | Snake:3  | Gained mutation: You have hooves in place of feet. [demonic ancestry]
 42772 | Snake:3  | Reached XP level 19. HP: 123/149 MP: 20/24
 43062 | Snake:3  | Got a translucent cloak
 43063 | Snake:3  | Identified the +0 cloak of Spite {rC+ Int+4} (You acquired it on level 3 of the Snake Pit)
 43155 | Snake:4  | Entered Level 4 of the Snake Pit
 43478 | Snake:4  | Reached skill level 15 in Axes
 43558 | Snake:4  | Found Deimn's Jewellery Emporium.
 43566 | Snake:4  | Bought the brooch of Shielding {Reflect SH+8} for 608 gold pieces
 46519 | Snake:4  | Got a serpentine rune of Zot
 47295 | Vaults:1 | Entered Level 1 of the Vaults
 47678 | Vaults:1 | Noticed a lich
 47691 | Vaults:1 | Killed a lich
 48137 | Vaults:1 | Got a scorched iron ring
 48479 | Vaults:1 | Reached XP level 20. HP: 154/158 MP: 25/25
 48874 | Vaults:2 | Reached skill level 18 in Shields
 48878 | Vaults:2 | Reached skill level 10 in Dodging
 49095 | Vaults:2 | Noticed Xtahua
 49113 | Vaults:2 | HP: 6/159 [Xtahua/searing blast (48)]
 49148 | Abyss:1  | Killed from afar by a balrug

Skill      XL: |  1  2  3  4  5  6  7  8  9 10 11 12 13 14 15 16 17 18 19 20 |
---------------+-------------------------------------------------------------+-----
Axes           | 2 3 4 5 6 7 8 9 10 12 13 14 15 16 | 16.2
Dodging        | 1 2 3 4 5 6 7 8 9 10 | 10.0
Armour         | 2 3 4 5 7 8 9 11 12 13 14 15 16 | 16.2
Shields        | 1 2 3 4 6 8 9 10 11 13 14 15 16 17 18 | 18.1
Fighting       | 4 5 6 7 8 9 10 11 12 13 14 | 14.1
Stealth        | 1 2 3 |  3.4
Evocations     | 1 2 |  2.9
Invocations    | 4 5 7 |  7.2
Throwing       | |  0.8

Action                   |  1- 3 |  4- 6 |  7- 9 | 10-12 | 13-15 | 16-18 | 19-21 || total
-------------------------+-------+-------+-------+-------+-------+-------+-------++-------
Melee: Hand axe          |   129 |   174 |   101 |       |       |       |       ||   404
       Headbutt          |     8 |    23 |    89 |   215 |   543 |   368 |   210 ||  1456
       War axe           |       |       |   729 |  1032 |  1070 |       |       ||  2831
       Broad axe         |       |       |       |       |  1017 |  1337 |   645 ||  2999
       Kick              |       |       |       |       |       |       |   350 ||   350
Throw: Tomahawk          |       |       |     6 |       |     7 |     2 |       ||    15
Invok: Depart the Abyss  |     1 |       |       |       |       |       |       ||     1
       Bend Space        |       |       |       |     6 |     1 |     3 |     2 ||    12
       Banish            |       |       |       |     3 |     9 |    11 |     5 ||    28
       Enter the Abyss   |       |       |       |       |       |     1 |     1 ||     2
 Abil: Evoke Invisibilit |       |     5 |     2 |       |       |       |       ||     7
Evoke: Wand              |       |       |       |     5 |     2 |     4 |     4 ||    15
  Use: Scroll            |     1 |       |    16 |     7 |    23 |    27 |    11 ||    85
       Potion            |       |       |     4 |    17 |     9 |    10 |     5 ||    45
 Stab: Invisible         |       |    10 |     2 |       |       |       |       ||    12
       Petrified         |       |       |       |       |     1 |       |       ||     1
       Distracted        |       |       |       |       |       |     1 |       ||     1
  Eat: Chunk             |     2 |     3 |    12 |    19 |    38 |    18 |    12 ||   104
       Fruit             |       |     1 |     1 |     4 |     3 |     7 |       ||    16
       Meat ration       |       |     1 |       |       |     1 |       |       ||     2
       Beef jerky        |       |       |     1 |       |     1 |     3 |     1 ||     6
       Pizza             |       |       |     1 |       |     2 |     1 |       ||     4
       Royal jelly       |       |       |       |     4 |     4 |     2 |       ||    10
       Bread ration      |       |       |       |       |     1 |     5 |     2 ||     8
Armor: Leather armour    |    29 |       |       |       |       |       |       ||    29
       Scale mail        |    44 |    78 |    89 |       |       |       |       ||   211
       Chain mail        |       |       |   335 |   348 |   954 |   382 |   115 ||  2134
       Plate armour      |       |       |       |   214 |       |       |       ||   214
       Skin              |       |       |       |     8 |       |       |       ||     8
Dodge: Dodged            |    29 |    25 |   149 |   286 |   863 |   321 |   120 ||  1793
Block: Large shield      |    59 |   105 |   607 |  1190 |  2753 |  1665 |   902 ||  7281
       Reflection        |       |       |       |       |       |   186 |   150 ||   336
